 Dungeon Crawl Stone Soup version 0.30-b1-2-g02819fbbbe (webtiles) character file.

Game seed: 11188677365596996340

343 asdfasdf the Covert (level 6, -2/41 HPs)
             Began as an Octopode Brigand on May 3, 2023.
             Slain by an ice beast (12 damage)
             ... on level 5 of the Dungeon.
             The game lasted 00:06:54 (3446 turns).

asdfasdf the Covert (Octopode Brigand)              Turns: 3446, Time: 00:06:54

Health: -2/41      AC:  1    Str: 10    XL:     6   Next: 57%
Magic:  6/6        EV: 13    Int: 14    God:
Gold:   411        SH:  0    Dex: 15    Spells: 5/5 levels left

rFire   . . .        a - +3 dagger
rCold   . . .        (no shield)
rNeg    . . .        (helmet restricted)
rPois   .            (no amulet)
rElec   .            v - ring of flight
rCorr   .            (no ring)
SInv    .            (no ring)
Will    .....        (no ring)
Stlth   +++++        (no ring)
HPRegen 0.26/turn    (no ring)
MPRegen 0.10/turn    (no ring)
                     (no ring)

%: no passive effects
@: flying
A: almost no armour, amphibious, 8 rings, camouflage 1, gelatinous body 1,
(nimble swimmer 1), tentacles
a: no special abilities


You were on level 5 of the Dungeon.
You visited 1 branch of the dungeon, and saw 5 of its levels.

You collected 411 gold pieces.

Inventory:

Hand Weapons
 a - a +3 dagger (weapon)
 f - a +0 dagger
 o - a +1 dagger of electrocution
Missiles
 b - 9 poisoned darts (quivered)
 c - 3 curare-tipped darts
Jewellery
 h - a ring of resist corrosion
 i - a ring of protection from cold
 v - a ring of flight (left tentacle)
Scrolls
 g - 7 scrolls of identify
 k - a scroll of teleportation {unknown}
 l - 4 scrolls of amnesia {unknown}
 m - a scroll of blinking {unknown}
 q - a scroll of butterflies
 s - a scroll of acquirement {unknown}
Potions
 d - a potion of berserk rage {unknown}
 e - a potion of degeneration {unknown}
 j - 5 potions of curing
 n - 2 potions of heal wounds {unknown}
 p - a potion of mutation {unknown}
 r - 3 potions of haste {unknown}
 t - a potion of brilliance {unknown}
 u - a potion of invisibility {unknown}


   Skills:
 + Level 2.8 Fighting
 + Level 3.4 Short Blades
 + Level 2.0 Throwing
 + Level 1.6 Dodging
 + Level 9.1 Stealth


You had 5 spell levels left.
You didn't know any spells.
Your spell library contained the following spells:

 Spells                   Type           Power      Damage    Failure   Level
 Beastly Appendage        Tmut           0%         N/A       28%         1
 Magic Dart               Conj           0%         1d3       28%         1
 Momentum Strike          Conj/Tloc      0%         3d8       41%         2
 Searing Ray              Conj           0%         2d4       41%         2
 Wereblood                Tmut           0%         N/A       41%         2
 Gell's Gravitas          Tloc           0%         N/A       65%         3
 Mephitic Cloud           Conj/Pois/Air  0%         N/A       65%         3
 Portal Projectile        Hex/Tloc       0%         N/A       65%         3
 Spider Form              Tmut/Pois      0%         N/A       65%         3
 Teleport Other           Tloc           0%         N/A       65%         3
 Tukima's Dance           Hex            0%         N/A       65%         3
 Fulminant Prism          Conj/Hex       0%         3d5       96%         4
 Passage of Golubria      Tloc           0%         N/A       96%         4
 Blade Hands              Tmut           0%         N/A       100%        5
 Freezing Cloud           Conj/Ice/Air   0%         6-21      100%        5
 Iskenderun's Battlesphe  Conj           0%         2d6       100%        5
 Yara's Violent Unravell  Hex/Tmut       0%         3d3       100%        5
 Dispersal                Tloc           0%         N/A       100%        6
 Iron Shot                Conj/Erth      0%         9d1       100%        6
 Spellforged Servitor     Conj/Summ      0%         N/A       100%        7


Dungeon Overview and Level Annotations

Branches:
Dungeon (5/15)
 Temple: D:4-7

Altars:
Dithmenos

Shops:
D:2 (


Innate Abilities, Weirdness & Mutations

You cannot wear most types of armour.
You are amphibious.
You can wear up to eight rings at the same time.
Your skin changes colour to match your surroundings (Stealth+).
Your rubbery body absorbs attacks. (AC +1, EV +1)
((You are camouflaged when in or above water. (Stealth+)))
You have tentacles for arms and can constrict up to eight enemies at once.


Message History

You closely miss the ice beast.
The ice beast is heavily wounded.
The ice beast misses you.
You hit the ice beast.
The ice beast is heavily wounded.
The ice beast closely misses you.
You hit the ice beast.
You squeeze the ice beast, but do no damage.
The ice beast is heavily wounded.
The ice beast barely misses you.
You hit the ice beast but do no damage.
The ice beast is heavily wounded.
The ice beast closely misses you.
You hit the ice beast.
You tentacle-slap the ice beast, but do no damage.
The ice beast is severely wounded.
The ice beast closely misses you.
You closely miss the ice beast. Your squeeze misses the ice beast.
The ice beast is severely wounded.
You hit the ice beast but do no damage.
The ice beast is severely wounded.
The ice beast hits you. The ice beast freezes you!
You hit the ice beast.
The ice beast is severely wounded.
The ice beast hits you. The ice beast freezes you.
You hit the ice beast but do no damage.
You squeeze the ice beast, but do no damage.
The ice beast is severely wounded.
The ice beast closely misses you.
You hit the ice beast.
The ice beast is severely wounded.
The ice beast barely misses you.
You barely miss the ice beast.
The ice beast is severely wounded.
You hit the ice beast.
The ice beast is almost dead.
The ice beast hits you.
* * * LOW HITPOINT WARNING * * *
The ice beast freezes you!
You die...

##.## ##########...##
#.............###########
.........................
..###.#..........#####.##
.............)..# #.##
###.#.......##.## #.#.
#.#..#........# ##.#. #
#.@#..#.##..# #....
#...Y...#.##..# #..#.
###..#.##.##..# #..#.
#....##.##..# #..##
#(..###.##..###..## #.#.#
#............ #...#
#####.###.##. #. ## #.#
#.##. #.# #....


You could see an ice beast.

Vanquished Creatures
  An ogre (D:5)
  A howler monkey (D:5)
  A hound (D:4)
  A jelly (D:4)
  An orc wizard (D:3)
  5 adders
  A white imp (D:5)
  An ufetubus (D:4)
  A worm (D:2)
  2 dart slugs (D:1)
  5 orcs
  12 ball pythons
  6 bats
  8 endoplasms
  5 goblins
  5 hobgoblins
  4 jackals (D:2)
  4 quokkas
  2 frilled lizards
  5 kobolds
  6 rats
77 creatures vanquished.

Notes
Turn   | Place    | Note
-------+----------+-------------------------------------------
     0 | D:1      | asdfasdf the Octopode Brigand began the quest for the Orb.
     0 | D:1      | Reached XP level 1. HP: 14/14 MP: 1/1
   122 | D:1      | Reached XP level 2. HP: 19/19 MP: 2/2
   187 | D:1      | Reached skill level 6 in Stealth
   397 | D:1      | Reached XP level 3. HP: 19/24 MP: 3/3
   897 | D:2      | Got the Almanac of Attacks
  1001 | D:2      | Found Zabrigru's Antique Weapon Shoppe.
  1007 | D:2      | Reached skill level 7 in Stealth
  1545 | D:3      | Reached XP level 4. HP: 29/29 MP: 4/4
  1859 | D:3      | Reached XP level 5. HP: 34/34 MP: 5/5
  2215 | D:4      | Found a shadowy altar of Dithmenos.
  2390 | D:4      | Reached skill level 8 in Stealth
  3321 | D:5      | Entered Level 5 of the Dungeon
  3330 | D:5      | Noticed an ogre
  3337 | D:5      | Killed an ogre
  3338 | D:5      | Reached XP level 6. HP: 41/41 MP: 6/6
  3401 | D:5      | Noticed an ice beast
  3406 | D:5      | Reached skill level 9 in Stealth
  3446 | D:5      | Slain by an ice beast

Illustrated notes

Levels and vault maps discovered:
D:1:      minmay_arrival_glassed_features, layout_loops_ring
D:2:      layout_loops_ring, serial_shops, shop
D:3:      layout_basic, minmay_splitting_lines, minmay_snake_closets
D:4:      layout_cave_pods, amcnicky_altar_gilded, serial_column_ruins,
          column_ruins_hut_ruined, column_ruins_hut, column_ruins_open_small,
          column_ruins_corridor_straight, column_ruins_open_medium,
          column_ruins_corridor_corner, column_ruins_columns_dead_end,
          column_ruins_columns_corner
D:5:      layout_loops_ring, slow_altar_1, mainiacjoe_overflow_cross_hatched,
          serial_shops, kennysheep_mini_moat, uniq_edmund, uniq_eustachio,
          uniq_ijyb

Skill      XL: |  1  2  3  4  5  6 |
---------------+-------------------+-----
Stealth        | 6 7 8 9 |  9.1
Short Blades   | 3 |  3.4
Fighting       | |  2.8
Throwing       | |  2.0
Dodging        | |  1.6

Action                     |  1- 3 |  4- 6 || total
---------------------------+-------+-------++-------
  Melee: Dagger            |    64 |    74 ||   138
         Constrict         |    10 |    12 ||    22
         Tentacles         |     8 |     9 ||    17
         Punch             |     1 |     2 ||     3
    Use: Scroll            |     8 |       ||     8
   Stab: Sleeping          |    19 |    23 ||    42
 Armour: Skin              |     3 |     3 ||     6
  Dodge: Dodged            |    32 |    36 ||    68
